[Event "11th Festival Palmanova-A 2022"]
[Site "Strassoldo"]
[Date "2022.12.08"]
[Round "1.1"]
[White "Lumachi, Gabriele"]
[Black "Negro, Roberto"]
[Result "1/2-1/2"]
[ECO "A90"]
[WhiteElo "2394"]
[BlackElo "2117"]
[Annotator "TA"]
[PlyCount "132"]
[EventDate "2022.12.08"]
[EventType "swiss"]
[EventCountry "ITA"]
[SourceTitle "playchess.com"]
[Source "ChessBase"]
[SourceQuality "1"]
[TimeControl "5400+30"]

1. Nf3 e6 2. d4 f5 3. g3 Nf6 4. Bg2 d5 5. O-O Bd6 6. c4 c6 7. Bf4 Bxf4 8. gxf4 O-O 9. e3 Ne4 {[%emt 0:00:50] is the legacy move (9...Nbd7). A90: Dutch Defence: Miscellaneous and Modern Stonewall (with ...Bd6).} 10. Ne5 Nd7 11. Nc3 Nxe5 12. fxe5 Bd7 (12... Nxc3 $11 13. bxc3 b6) 13. Rc1 (13. Ne2 $14) 13... Be8 (13... dxc4 14. Bxe4 fxe4 15. Nxe4 $16) (13... Nxc3 $11 14. Rxc3 Rb8) 14. Ne2 $1 $14 Qe7 15. Qe1 {[%emt 0:02:59] [#]} a5 $146 ({Predecessor:} 15... Ng5 16. Kh1 Nf7 17. f4 Nh8 18. Bf3 Ng6 19. cxd5 cxd5 20. Nc3 Bc6 21. Rg1 Rfc8 {1-0 (49) Hebden,M (2527)-Gupta,A (2049) London 2014}) 16. f3 Ng5 17. Nf4 Nf7 18. e4 dxe4 (18... dxc4 $11 19. Rxc4 g5) 19. fxe4 fxe4 20. Qxe4 Ng5 21. Qe3 $36 {[%emt 0:00:16][%mdl 2048] Keeping Black busy.} Bg6 (21... Nf7 $16) 22. d5 $1 $18 Rf5 (22... Bf5 {might work better.} 23. d6 (23. dxc6 bxc6 24. Bxc6 Rac8 $14) 23... Qd7) 23. d6 (23. dxc6 bxc6 24. Bxc6 Rc8 $16) 23... Qe8 24. Rce1 Nf7 25. Qc3 Rg5 26. Kh1 Bf5 27. Bf3 Bg4 28. Bxg4 Rxg4 29. Qf3 {[%emt 0:00:19] Against a4} Rg5 30. Nd3 b6 (30... a4 $16 31. Qe3 c5) 31. Qe3 Rb8 32. Rf3 (32. c5 $18) 32... h6 (32... c5 $16) 33. Ref1 Nh8 (33... Rf5 $142 34. d7 (34. Rxf5 exf5 35. Qf4 Qe6 $16) 34... Qxd7) 34. Rg3 $2 (34. c5 $18 {has better winning chances.}) 34... Rxg3 (34... Qh5 $16) 35. Qxg3 {[%emt 0:00:05] Hoping for Nf4.} (35. hxg3 Qg6 $16) 35... c5 (35... Qg6 $16) 36. Nf4 $1 g5 $2 (36... Qf7 37. Kg1 Rf8) 37. Qg4 {[%emt 0:02:24][%cal Of4h5] Threatens to win with Nh5!} Qf7 {[%emt 0:04:47] Against Nh5. ...Ng6 is the strong threat.} 38. Kg2 (38. h4 $1 $18 {[%cal Rh4g5] is the precise move to win.} Ng6 39. hxg5 Nxe5 40. Qg2 (40. Qxe6 Qxe6 41. Nxe6 Re8 $16)) 38... Rf8 $16 {[%emt 0:00:08] Strongly threatening ...Ng6.} 39. Rf3 {[%emt 0:00:15] Active counter play!} Ng6 40. Nxg6 (40. Nxe6 $2 Nh4+ 41. Kh3 Qxf3+ $19) 40... Qxg6 41. Rxf8+ Kxf8 {[%emt 0:00:09][%mdl 4096] Endgame KQ-KQ} 42. Qf3+ Qf5 43. h4 {[%emt 0:05:05] Prevents h5.} (43. Qxf5+ $1 $16 exf5 44. e6) 43... g4 $2 {[%emt 0:01:25] [#]} (43... gxh4 $11 44. Qxf5+ exf5) 44. Qa8+ $2 (44. Qxf5+ $1 $18 exf5 45. Kg3) 44... Kf7 $11 45. d7 Qc2+ 46. Kg3 Qd3+ 47. Kxg4 $2 (47. Kg2 $11 {and White stays safe.} Qxd7 48. Qe4) 47... Qf5+ $2 (47... h5+ $1 $19 48. Kf4 (48. Kg5 $2 Qf5+ 49. Kh6 Qg6#) 48... Qxc4+ 49. Kg3 Qg4+ 50. Kh2 Qxh4+ 51. Kg2 Qg4+ 52. Kh2 Qf4+ 53. Kh3 Qe3+ 54. Kh4 Qf4+ 55. Kh3 Qg4+ 56. Kh2 Qf4+ 57. Kh3) 48. Kg3 Qxe5+ 49. Kf3 $1 (49. Kh3 Qe3+ 50. Kg4 Qd4+ 51. Kg3 (51. Kh5 Qe5+ 52. Kg4 h5+ 53. Kf3 Qf6+ 54. Kg3 Qg7+ 55. Kf4 Qg4+ 56. Ke3 Qd4+ 57. Kf3 Qxd7 $17) 51... Qd6+ 52. Kg2 Qxd7 $15) 49... Qf5+ 50. Ke3 Qe5+ 51. Kf3 (51. Qe4 Qxe4+ 52. Kxe4 Ke7 $19) 51... Qf5+ 52. Ke3 Qe5+ 53. Qe4 $2 (53. Kf3 $11 Qf5+) 53... Qxe4+ $19 54. Kxe4 {[%emt 0:00:04] KP-KP} Ke7 55. Ke5 Kxd7 56. Kf6 {[%emt 0:00:05] [#]} Kd6 $2 (56... a4 $1 $19 57. Ke5 Ke7) 57. b3 {[%emt 0:02:22] The position is equal.} Kd7 (57... h5 $5) 58. Kg6 Ke7 (58... e5 $5 59. Kf5 $8 Kd6 $11) 59. a3 (59. Kxh6 $2 {is the wrong capture.} Kf6 60. Kh5 Kf5 $19) (59. h5 $5 e5 $8 60. Kf5 $11) 59... b5 (59... e5 $5 60. Kf5 $8 Kd6 $11) 60. a4 $1 (60. cxb5 $2 {loses.} a4 61. bxa4 c4 $19) 60... b4 61. Kxh6 {[%emt 0:00:06] Intending Kg6 and mate.} Kf6 $1 62. Kh7 (62. h5 $5) 62... e5 63. h5 e4 64. h6 {[%emt 0:00:05] White wants to mate with Kg8.} Kf7 (64... e3 $5 65. Kg8 $8 Kf5 $11) 65. Kh8 e3 {[%emt 0:00:30] ( -> ...e2)} (65... Kf8 $5) 66. h7 e2 {[%emt 0:01:11] White used his chance.   Weighted Error Value: White=0.41/Black=0.44} 1/2-1/2

[Event "11th Festival Palmanova-A 2022"]
[Site "Strassoldo"]
[Date "2022.12.08"]
[Round "1.2"]
[White "Colonetti, Fabio"]
[Black "Savanovic, Aleksandar"]
[Result "0-1"]
[ECO "E41"]
[WhiteElo "2118"]
[BlackElo "2365"]
[Annotator "TA"]
[PlyCount "48"]
[EventDate "2022.12.08"]
[EventType "swiss"]
[EventCountry "ITA"]
[SourceTitle "playchess.com"]
[Source "ChessBase"]
[SourceQuality "1"]
[TimeControl "5400+30"]

1. d4 Nf6 2. c4 e6 3. Nc3 Bb4 4. e3 c5 5. Bd3 Nc6 6. Nf3 Bxc3+ 7. bxc3 d6 8. Qc2 e5 9. d5 Ne7 10. O-O O-O 11. e4 {[%emt 0:12:37] E41: Nimzo-Indian: Rubinstein: 4...c5 5 Bd3, including Hübner Variation.} Ng6 {[%emt 0:04:01] [#]} 12. g3 $146 ({Predecessor:} 12. h3 Nh5 13. Kh2 Nhf4 14. Ng1 Nxd3 15. Qxd3 f5 16. exf5 Bxf5 17. Qg3 Qa5 18. f4 Qa4 19. fxe5 Qxc4 {0-1 (26) Garcia Cuenca,V (2384)-Deac,B (2679) Europe Echecs INT 2022}) 12... Bh3 (12... Nxe4 $5 13. Bxe4 f5 $11) 13. Re1 {[%emt 0:01:10] The position is equal.} h6 14. Nd2 Nh7 15. Bf1 ({Better is} 15. Nf1 $11) 15... Qd7 (15... Ng5 {is interesting.} 16. Bxh3 Nxh3+ 17. Kg2 Qd7) 16. Bxh3 Qxh3 17. Nf1 {[%emt 0:01:23] [#]} (17. Qd3 $11) 17... f5 $1 $17 {[%emt 0:02:36][%cal Bf7f5,Bf5f4][%mdl 32] Black is more active.} 18. Rb1 $2 {[%emt 0:05:12] This move loses the game for White.} (18. exf5 $17 Rxf5 19. f3) 18... f4 $19 {[%emt 0:05:30] Strongly threatening ...f3.} 19. Rxb7 $2 (19. f3 Ng5 20. Qg2) 19... Ng5 20. Rd1 {[%emt 0:03:05] [#]} Nh4 $1 {[%emt 0:08:40][%mdl 576] ( -> ...Qg2#)} 21. gxh4 {[%emt 0:01:24] [#]} (21. f3 fxg3) 21... f3 $1 {[%emt 0:00:36][%csl Gf3][%cal Rh3g2][%mdl 64] Black mates.} 22. Ne3 {[%emt 0:00:29] [#]} (22. Rxg7+ Kxg7) 22... Rf4 $1 23. Qb1 {[%emt 0:03:44] [#]} (23. Rxg7+ Kxg7) 23... Rg4+ $1 {[%emt 0:03:37][%mdl 576] Deflection} 24. Nxg4 (24. Kh1 Qg2+) 24... Qg2# {[%emt 0:00:06] Weighted Error Value: White=1.21/Black=0.23 (precise)} 0-1

[Event "11th Festival Palmanova-A 2022"]
[Site "Strassoldo"]
[Date "2022.12.08"]
[Round "1.3"]
[White "Lekic, Dusan"]
[Black "Siraj, Svit"]
[Result "1-0"]
[ECO "E14"]
[WhiteElo "2329"]
[BlackElo "2114"]
[Annotator "TA"]
[PlyCount "93"]
[EventDate "2022.12.08"]
[EventType "swiss"]
[EventCountry "ITA"]
[SourceTitle "playchess.com"]
[Source "ChessBase"]
[SourceQuality "1"]
[TimeControl "5400+30"]

1. d4 Nf6 2. c4 e6 3. Nf3 Bb4+ 4. Nbd2 b6 5. a3 Bxd2+ 6. Qxd2 Bb7 7. e3 Ne4 8. Qc2 d5 {[%emt 0:02:14] E14: Queen's Indian: Classical Variation (4 e3).} 9. Bd3 O-O {[%emt 0:03:51] [#]} 10. b3 $146 ({Predecessor:} 10. b4 Nd7 11. Bb2 f5 12. O-O Ndf6 13. Ne5 Rc8 14. f3 Ng5 15. c5 c6 16. cxb6 axb6 {0-1 (51) Dylag,E (2003)-Sloan,J (2087) Chess.com INT 2022}) 10... Nd7 {[%emt 0:02:16] White is slightly better.} 11. Bb2 f5 12. b4 c6 13. Ne5 ({White should play} 13. O-O $14) 13... Nxe5 $11 14. dxe5 Rc8 (14... c5 $11) 15. O-O $14 Qe7 (15... c5 $11 {keeps the balance.}) 16. f3 $16 Ng5 17. c5 Nf7 18. Bd4 b5 19. a4 a6 20. Ra2 Nh6 21. Rfa1 Ra8 22. g3 Nf7 23. Kh1 Kh8 24. h3 h6 (24... Rg8 $16 {is a better defense.} 25. f4 g6) 25. h4 (25. f4 $18) 25... h5 26. axb5 (26. Qf2 $142) 26... axb5 27. Rxa8 Rxa8 28. Rxa8+ Bxa8 29. Bxf5 exf5 $11 30. Qxf5 Bb7 31. Qxh5+ Nh6 32. Qg6 Kg8 (32... Qf7 $2 33. Qxf7 Nxf7 34. e6 $18) (32... Bc8 $11) 33. Kg2 $16 {[%emt 0:01:40] White has more active pieces.} Qf7 {[%emt 0:03:01] [#] Inhibits e6.} 34. Qxf7+ Kxf7 {[%emt 0:00:18] [#]} 35. e6+ $1 Kxe6 36. Bxg7 Nf5 37. Bd4 {[%emt 0:00:12][%mdl 1024] White has strong compensation.} Bc8 38. h5 Kf7 39. g4 Nh6 (39... Bd7 $16 {was worth a try.} 40. gxf5 Bxf5) 40. Kg3 $18 Kg8 $2 (40... Nf5+ 41. gxf5 Bxf5) 41. Kf4 {[%emt 0:01:11] Hoping for g5.} Nf7 42. g5 {[%emt 0:00:30] And now g6 would win.} Bd7 43. g6 Nh6 44. Kg5 Nf5 45. h6 {[%emt 0:00:16] White mates.} Nxd4 46. exd4 Be8 47. f4 {[%emt 0:00:23] Weighted Error Value: White=0.12 (very precise) /Black=0.45} 1-0

[Event "11th Festival Palmanova-A 2022"]
[Site "Strassoldo"]
[Date "2022.12.08"]
[Round "1.4"]
[White "Pozzari, Simone"]
[Black "Gschiel, Alexander"]
[Result "0-1"]
[ECO "D02"]
[WhiteElo "2139"]
[BlackElo "2322"]
[Annotator "TA"]
[PlyCount "82"]
[EventDate "2022.12.08"]
[EventType "swiss"]
[EventCountry "ITA"]
[SourceTitle "playchess.com"]
[Source "ChessBase"]
[SourceQuality "1"]
[TimeControl "5400+30"]

1. d4 d5 2. Bf4 Nf6 3. e3 e6 4. Nd2 Bd6 5. Bg3 O-O 6. Ngf3 c5 7. c3 Nc6 8. Bb5 {[%emt 0:00:08] D02: 1 d4 d5 2 Nf3 sidelines, including 2...Nf6 3 g3 and 2...Nf6 3 Bf4.} a6 9. Bxc6 bxc6 10. Qa4 {[%emt 0:00:04] The position is equal.} Qc7 (10... cxd4 $11 11. cxd4 (11. Qxc6 $2 Bxg3 12. fxg3 dxe3 $19) 11... Be7) 11. Bxd6 $1 $14 Qxd6 12. Qa3 Nd7 13. O-O Rb8 14. Nb3 {[%emt 0:00:39] [#]} Re8 $146 ({Predecessor:} 14... e5 15. dxe5 Nxe5 16. Nxe5 Qxe5 17. Qxc5 Re8 18. Rad1 Re6 19. Qd4 Qh5 20. Qf4 Ra8 {1-0 (30) Reyes,N (2003)-Baches Garcia,G (2322) Chess.com INT 2018}) 15. dxc5 Qc7 16. Na5 e5 {[%emt 0:08:32] Inhibits Nd4.} 17. c4 e4 18. Nd4 Ne5 19. cxd5 cxd5 20. b4 (20. Qa4 $16 Be6 21. Nab3) 20... Ng4 {[%emt 0:15:00][%csl Gg4][%cal Rc7h2] [#]} 21. g3 {[%emt 0:00:34] Strongly threatening Nac6.} Qe5 ({Better is} 21... Ne5 $14) 22. h3 Qh5 23. Qa4 $2 (23. hxg4 $16 {keeps the pressure on.} Bxg4 24. f4 (24. Nac6 $2 Qh3 $19) 24... exf3 25. Qb2) 23... Be6 $2 24. hxg4 $16 Bxg4 25. Nac6 ({White should try} 25. f4 $16 {aiming for Qc2.} exf3 26. Qc2) 25... Qh3 $1 $11 26. Nxb8 Rxb8 27. f3 $1 {[%emt 0:02:00] Threatens to win with Qc2.} (27. Qxa6 {is a self mate.} Bf3) 27... Qxg3+ 28. Kh1 {[%emt 0:00:02] Black must now prevent Qc2.} Qh3+ $40 {[%emt 0:02:16][%mdl 128] Black attacks.} 29. Kg1 Bxf3 30. Rxf3 exf3 $19 {[%emt 0:00:07][%csl Gf3][%cal Rh3g2] Really sharp!} 31. Qc2 {[%emt 0:00:20] [#] Against Qg2+} Qg3+ ({Black should play} 31... Re8 $1 $19 {[%cal Re8e4] ( -> ...Re4)} 32. Nxf3 Qxf3) 32. Kf1 $1 $11 {[%emt 0:01:15] Hoping for Qf2.} Re8 33. c6 $2 (33. Qf2 $11 Qh3+ 34. Ke1 Qh1+ 35. Qf1) 33... Qh3+ $19 34. Ke1 Qh1+ {[%emt 0:00:55][%mdl 64] Skewer} 35. Kd2 Qxa1 {[%emt 0:00:07][%mdl 4096] Endgame KQR-KQN} 36. c7 f2 37. Qc6 f1=N+ 38. Kc2 Qxa2+ 39. Kc1 Qc4+ $4 ({Resist} 39... Rxe3 40. c8=Q+) (39... Qa1+ {mates} 40. Kc2 Nxe3+ 41. Kb3 Qb1+ 42. Kc3 Nd1+ 43. Kd2 Qxb4+ 44. Kd3 Re3+ 45. Kc2 Qb2+ 46. Kxd1 Qxd4+ 47. Kc1 Re1+ 48. Kc2 Re2+ 49. Kb3 Rb2+ 50. Ka3 Qb4#) 40. Qxc4 $18 dxc4 41. Nf5 (41. Nc6 $18) 41... h5 {[%emt 0:01:46] Black used his chance.   Weighted Error Value: White=0.71/Black=0.38} 0-1

[Event "11th Festival Palmanova-A 2022"]
[Site "Strassoldo"]
[Date "2022.12.08"]
[Round "1.5"]
[White "Neuschmied, Siegfried"]
[Black "Piangerelli, Michele"]
[Result "1-0"]
[ECO "C44"]
[WhiteElo "2244"]
[BlackElo "2017"]
[Annotator "TA"]
[PlyCount "155"]
[EventDate "2022.12.08"]
[EventType "swiss"]
[EventCountry "ITA"]
[SourceTitle "playchess.com"]
[Source "ChessBase"]
[SourceQuality "1"]
[TimeControl "5400+30"]

1. e4 e5 2. Nf3 Nf6 3. d3 Nc6 4. Be2 d5 5. Nbd2 Bc5 6. O-O O-O 7. c3 a5 8. h3 {[%emt 0:05:07] C44: Ponziani Opening and Scotch Gambit.} Ba7 9. Qc2 Qe7 {[%emt 0:00:42] [#]} 10. b3 $146 {[%emt 0:04:40] Black has an edge.} ({Predecessor:} 10. exd5 Nxd5 11. Ne4 h6 12. Re1 f5 13. Ng3 Qd6 14. Bf1 Kh8 15. Qe2 Nf4 16. Bxf4 exf4 {0-1 (87) Sharma,D (2371)-Padmini,R (2352) New Delhi 2010}) 10... Rd8 11. Bb2 Nh5 12. exd5 Nf4 ({Better is} 12... Rxd5 $15 13. d4 exd4) 13. dxc6 $11 Nxe2+ 14. Kh1 Nf4 15. d4 bxc6 16. Rae1 (16. dxe5 Rd3 17. g3 Bxh3 18. gxf4 Bxf1 19. Rxf1 Rad8 $17) (16. Nxe5 $14 Qg5 17. Qe4 (17. Nxc6 $2 Qxg2#)) 16... f6 17. Nc4 Qf7 18. Ng1 (18. Nxa5 $2 Qd5 19. c4 Qxa5 $17) (18. dxe5 $11 Rd3 19. Bc1 (19. Nxa5 $2 Bxh3 20. Rg1 Qd5 $19) 19... Rxf3 20. gxf3) 18... exd4 (18... Qd5 $6 19. Ne3 Qf7 20. dxe5 $15) 19. cxd4 Qh5 (19... Bxd4 $6 20. Rd1 Qd5 21. Ne3 $11) (19... Qd5 $6 20. Ne3 Qb5 21. Ne2 $11) (19... a4 $17) 20. Qe4 Nd5 $40 {[%emt 0:08:29][%mdl 128] Black attacks.} 21. Rd1 (21. Nxa5 $11 Bf5 22. Qe2 Qxe2 23. Nxe2) 21... Bf5 $17 22. Qf3 Qxf3 23. Nxf3 a4 24. Na5 (24. bxa4 $142 Rdb8 25. a3) 24... Bb6 25. Nh4 (25. Nxc6 $2 {loses.} Rd6 26. Nce5 axb3 27. axb3 fxe5 28. dxe5 Rdd8 $19) (25. Nc4 $17) 25... Bc2 (25... a3 $19 {has better winning chances.} 26. Ba1 Bxa5 27. Nxf5 Re8) 26. Rc1 $2 (26. Rd2 $17 Rxa5 27. Rxc2) 26... Rxa5 $2 (26... Bd3 $19 {is more deadly.} 27. Nxc6 Bxf1 28. Nxd8 a3 29. Bxa3 Bd3) 27. Rxc2 axb3 28. axb3 Rb5 29. Rxc6 Rxb3 30. Ba1 Rd3 31. Nf3 Re8 32. Rc2 {[%emt 0:00:44] Against Re2} Kf7 33. Rb1 Ra8 34. Kg1 Rda3 35. Rcc1 R8a4 36. Kf1 Nf4 37. Rd1 Nxh3 38. Bb2 Rb3 {[%emt 0:02:19][%cal Oa4b4] ...Rab4! is the strong threat.} 39. Nd2 {[%emt 0:00:02][%mdl 64] [#] Deflection} Rbb4 (39... Rxb2 $1 $15 40. Rxb2 {[#]} Nxf2 $1) 40. gxh3 $16 Ra2 (40... Bxd4 $16 {was necessary.} 41. Bxd4 Rxd4) 41. Bc3 $18 Rxb1 42. Rxb1 Bxd4 43. Bxd4 Rxd2 {[%emt 0:00:01][%mdl 4096] Endgame KRB-KR} 44. Be3 Rd7 (44... Rc2 $16 {was worth a try.} 45. Rb4 h6) 45. Rc1 g5 46. Rc6 h5 $2 (46... Kg6 47. Bc1 h6) 47. Bc1 Kg6 48. Bb2 Rf7 (48... Rd6 $142 49. Rxc7 Rb6) 49. Be5 Kf5 50. Bxc7 ({Not} 50. Rxc7 Rf8 $18) 50... Rd7 51. Kg2 Rd5 52. Bb6 {[%emt 0:00:36] aiming for Rc5.} Rd3 53. Be3 Rd1 54. Bc1 Rd7 55. Bb2 Rf7 56. Rc5+ Kg6 57. Kg3 Rb7 58. Bd4 {[%emt 0:00:28] And now Rc6 would win.} Rd7 59. Be3 {[%emt 0:00:37] Black must now prevent h4.} Rd3 $2 (59... h4+ 60. Kg4 Re7) 60. h4 gxh4+ 61. Kxh4 Rd1 62. Rc1 (62. Rxh5 $2 {is the wrong capture.} Rh1+ 63. Kg3 Rxh5 $19) 62... Rd5 63. Rg1+ Kf7 64. Rc1 Kg6 $1 65. Rc8 Rd1 66. Rg8+ Kf7 67. Rh8 Rh1+ 68. Kg3 Kg7 (68... Kg6 {keeps fighting.} 69. Rh6+ Kf5) 69. Rd8 Kg6 70. Rd6 Kf7 $2 (70... Rg1+ 71. Kf3 Kf7) 71. Bd4 Rd1 72. Rxf6+ {[%emt 0:00:17] White mates.} Kg7 73. Rd6+ Kf7 74. Be5 Re1 75. f4 Rg1+ 76. Kh2 Rc1 77. Rh6 Rc2+ 78. Kg3 {[%emt 0:00:19] Weighted Error Value: White=0.29 (precise) /Black=0.37} (78. Kh3 $142 Ra2 79. Kh4 Kg8 80. Kxh5 Kf7 81. Kg5 Ke8 82. f5 Rg2+ 83. Kf6) 1-0

[Event "11th Festival Palmanova-A 2022"]
[Site "Strassoldo"]
[Date "2022.12.08"]
[Round "1.6"]
[White "Vincenti, Leonardo"]
[Black "Loiacono, Leonardo"]
[Result "0-1"]
[ECO "B06"]
[WhiteElo "1910"]
[BlackElo "2271"]
[Annotator "TA"]
[PlyCount "120"]
[EventDate "2022.12.08"]
[EventType "swiss"]
[EventCountry "ITA"]
[SourceTitle "playchess.com"]
[Source "ChessBase"]
[SourceQuality "1"]
[TimeControl "5400+30"]

1. e4 g6 2. d4 Bg7 3. Nc3 d6 4. Be3 c6 5. Qd2 b5 6. f3 Nd7 7. h4 h5 8. O-O-O {[%emt 0:03:20] B06: Modern Defence.} Qa5 9. Kb1 Nb6 10. Nce2 {[%emt 0:15:01][%cal Bc3e2,Be2f4,Bf4d3][%mdl 32] [#] White has an edge.} Qxd2 $146 ({Predecessor:} 10... Qa6 11. Nf4 Nc4 12. Bxc4 bxc4 13. Qb4 Qb5 14. Qxb5 cxb5 15. Ngh3 e6 16. Ng5 Ne7 {0-1 (31) Paramzina,A (2166)-Al Huwar,J (2275) Warsaw 2017}) 11. Bxd2 a5 12. b3 b4 13. Nh3 Nf6 14. Be3 Nfd7 15. Nef4 Ba6 16. Bxa6 Rxa6 17. Nd3 Na8 18. Ng5 (18. Nhf4 $11) 18... Nc7 $15 19. c4 {[%emt 0:02:45] Prevents Nb5.} (19. a4 $142) 19... bxc3 $17 20. a4 Rb6 21. Kc2 O-O 22. g4 Nf6 ({Better is} 22... hxg4 {aiming for ...f6.} 23. fxg4 f6) 23. Rhg1 (23. gxh5 $17 Nxh5 24. Rb1) 23... Rfb8 24. Rb1 R6b7 25. gxh5 Nxh5 26. f4 Na6 27. f5 (27. e5 $142) 27... gxf5 28. exf5 Nb4+ ({Black should try} 28... Nf6 $17 29. Bf2 Nb4+ 30. Nxb4 Rxb4) 29. Nxb4 $1 $15 Rxb4 30. Nf3 f6 {[%emt 0:02:55] Against Rg5} (30... Kf8 $17) 31. Ne1 Kf7 32. Nd3 R4b7 33. Rg4 Rh8 34. Rbg1 Bh6 {[%emt 0:00:53] Dancing on a razor blade.} 35. Bxh6 Rxh6 36. Kxc3 Rh7 37. b4 Ng7 38. Rf1 Rh5 39. Rgf4 Rh8 40. Rb1 (40. bxa5 $11 {keeps the balance.} Ra7 41. Nb4) 40... axb4+ $17 {[%emt 0:01:48] Black keeps a firm grip on the game.} 41. Rxb4 {[%emt 0:00:15] [#]} (41. Kb3 $142) 41... Ra7 $1 42. Nb2 (42. Kb3 $17 {was necessary.}) 42... Rh5 $19 43. Rc4 Ra6 ({Inferior is} 43... Rxf5 44. Rxf5 Nxf5 45. Rxc6 $17) 44. Nd3 Nxf5 ({Weaker is} 44... Rxf5 45. Kb3) 45. Kb3 $2 (45. Rf3) 45... Ne3 ({Worse is} 45... Nxh4 46. Nb4 Rb6 47. Rxc6 $17) 46. Rc1 Nd5 47. Rg4 f5 48. Rg5 Rxh4 49. Rxf5+ Ke6 50. Rf2 Rxd4 51. Nb2 Rb4+ 52. Ka3 c5 {[%emt 0:00:54] Hoping for ...Nb6. Black is clearly winning.} 53. Rc4 {[%emt 0:00:31] [#]} Raxa4+ 54. Nxa4 {[%emt 0:00:07] Rxb4 is the strong threat.} Rxc4 {[%emt 0:00:03][%mdl 4096] Endgame KRN-KRN} 55. Re2+ Kd7 {[%emt 0:00:28][%cal Oc4a4] ( -> ...Rxa4+!)} 56. Rd2 Kc6 {[%emt 0:00:15] Threatens to win with ...e5.} 57. Nb2 Rc3+ 58. Ka2 Nb4+ 59. Kb1 Rb3 60. Kc1 {[%emt 0:00:11] Against c4} e5 {[%emt 0:00:43] Weighted Error Value: White=0.40/Black=0.11 (very precise)} 0-1

[Event "11th Festival Palmanova-A 2022"]
[Site "Strassoldo"]
[Date "2022.12.08"]
[Round "1.7"]
[White "Titze, Leo"]
[Black "Capaliku, Aleks"]
[Result "1/2-1/2"]
[ECO "C67"]
[WhiteElo "2252"]
[BlackElo "2030"]
[Annotator "TA"]
[PlyCount "121"]
[EventDate "2022.12.08"]
[EventType "swiss"]
[EventCountry "ITA"]
[SourceTitle "playchess.com"]
[Source "ChessBase"]
[SourceQuality "1"]
[TimeControl "5400+30"]

1. e4 e5 2. Nf3 Nc6 3. Bb5 Nf6 4. O-O Nxe4 5. Re1 Nd6 6. Nxe5 Nxe5 7. Rxe5+ Be7 8. Bf1 O-O 9. d4 Bf6 10. Re1 Re8 {[%emt 0:00:08] C67: Ruy Lopez: Berlin Defence: 4 0-0 Nxe4.} 11. c3 c6 12. Bd3 g6 13. Bf4 Rxe1+ 14. Qxe1 Ne8 15. Nd2 d5 16. Nf3 Ng7 17. Qd2 Bf5 18. Re1 Bxd3 19. Qxd3 Qd7 20. Be5 Bxe5 21. Nxe5 {[%emt 0:03:33] [#]} Re8 $146 ({Predecessor:} 21... Qf5 22. Qxf5 Nxf5 23. Nd3 Kf8 24. Nc5 Nd6 25. Nd7+ Kg7 26. Nc5 Kf8 27. Nd7+ {½-½ (27) Nepomniachtchi,I (2792)-Grischuk,A (2778) Moscow 2021}) 22. g4 Qd6 23. Qd2 f6 24. Nd3 Rxe1+ 25. Qxe1 $11 {[%emt 0:00:02][%mdl 4096] Endgame KQN-KQN} Ne6 26. Qe3 Kg7 27. f4 b6 28. h4 c5 29. f5 {[%emt 0:01:33] Prevents c4.} cxd4 30. cxd4 (30. Qxe6 $5 Qg3+ $8 31. Kf1 (31. Kh1 Qh3+ 32. Kg1 Qxd3 $11) 31... Qxd3+ 32. Kf2 $11) 30... Nc7 31. a3 Qd7 32. Nf4 Kf7 33. Qd3 (33. fxg6+ {simplifies} hxg6 34. Qf3 Qb5 35. h5) 33... g5 (33... Kf8 {simplifies} 34. Kf2 gxf5 35. Qxf5 Qxf5 36. gxf5 Ke7) 34. hxg5 fxg5 35. Nh3 (35. Nh5 {is interesting.} Qb5 36. Qd2 Qe8 37. Qc1) 35... h6 36. Nf2 (36. Qe3 {looks sharper.} Ne8 37. Nf2 Nf6 38. Kg2) 36... Ne8 37. Qh3 Kg7 38. Qe3 Nf6 39. Qe5 Qe8 40. Kg2 h5 41. gxh5 Qxh5 42. Qe7+ Qf7 43. Qe3 Kh6 44. Nh3 $2 {[%emt 0:00:35][%mdl 8192] [#]} (44. a4 $14 {stays ahead.}) 44... Ne4 $19 45. Qf3 Qf6 46. Nf2 Qxd4 47. Ng4+ Kh7 48. f6 $2 (48. b4 {is a better defense.}) 48... Qxb2+ ({Don't blunder} 48... Kg8 $2 49. b4 $19) 49. Kh3 {[%emt 0:00:31] f7 would kill now.} Qc3 {[%emt 0:00:17] Against f7} 50. Qxc3 Nxc3 {[%emt 0:00:01] KN-KN} 51. Ne5 {[%emt 0:00:01] [#]} Ne4 $2 (51... d4 $1 $19 {[%cal Od4d3] White must now prevent ...d3!} 52. Kg4 d3 53. Nxd3 Kg6) 52. Kg4 $15 Nxf6+ (52... d4 $1 $15 53. Kf5 Nc5 54. Kxg5 d3) 53. Kxg5 $11 {[%emt 0:00:02] The position is equal.} Kg7 54. Kf5 Ne4 55. Ke6 Nc3 (55... d4 $5) 56. Nc6 {[%emt 0:00:08] Prevents d4.} a5 57. Nd4 b5 58. Nc2 Kg6 59. Ke5 Nb1 60. Kxd5 Nxa3 61. Kd4 $2 {[%emt 0:04:08][%mdl 40960] Weighted Error Value: White=0.29 (precise) /Black=0.12 (very precise) . An unexpected result.} 1/2-1/2